 Dungeon Crawl Stone Soup version 0.19.0-19-g8c6edcc (webtiles) character file.

93 Minion the Cutter (level 4, -1/34 HPs)
             Began as a Vampire Chaos Knight on Nov 12, 2016.
             Slain by an orc
             ... wielding a +4 falchion of chaos
              (4 damage)
             ... on level 3 of the Dungeon.
             The game lasted 00:11:01 (3082 turns).

Minion the Cutter (Vampire Chaos Knight)            Turns: 3082, Time: 00:11:01

Health: -1/34      AC:  0    Str: 11    XL:     4   Next: 36%
Magic:  4/4        EV: 20    Int: 14    God:    Xom [......]
Gold:   149        SH:  0    Dex: 19    Spells: 0 memorised, 3 levels left

rFire  . . .     SeeInvis +       - Unarmed
rCold  . . .     Gourm    .     (armour currently unavailable)
rNeg   + . .     Faith    .     (shield currently unavailable)
rPois  .         Spirit   .     (helmet currently unavailable)
rElec  .         Reflect  .     (cloak currently unavailable)
rCorr  .         Harm     .     (gloves currently unavailable)
MR     .....                    (boots currently unavailable)
Stlth  +++++.....               (no amulet)
                                (ring currently unavailable)
                                (ring currently unavailable)

@: lethally poisoned (-1 -> -6), bat-form, flying, hasted, very quick
A: fangs 3, see invisible, screaming 1, (unbreathing)
a: End Transformation, Renounce Religion


You were on level 3 of the Dungeon.
You worshipped Xom.
You were a very special plaything of Xom.
You were not thirsty.
You were in vampire-bat-form.
You visited 1 branch of the dungeon, and saw 3 of its levels.

You collected 149 gold pieces.

Inventory:

Hand Weapons
 a - a +1 short sword of chaos (melded)
Armour
 b - a +2 leather armour
 g - a cursed +0 leather armour (melded)
 k - a +0 ring mail of fire resistance
Scrolls
 f - a scroll of random uselessness
 h - a scroll of blinking
 i - a scroll of amnesia {unknown}
 j - a scroll of magic mapping
 n - a scroll of enchant weapon
 o - a scroll of recharging {unknown}
 p - a scroll of immolation {unknown}
Potions
 c - 9 potions of blood
 e - a potion of brilliance {unknown}
 l - a potion of degeneration {unknown}
 m - a potion of heal wounds {unknown}


   Skills:
 - Level 2.6 Fighting
 - Level 4.3 Short Blades
 - Level 0.7 Armour
 + Level 2.2 Dodging
 - Level 4.2 Stealth
 + Level 1.4 Unarmed Combat


You had 3 spell levels left.
You didn't know any spells.

Dungeon Overview and Level Annotations

Branches:
Dungeon (3/15)

Altars:


Innate Abilities, Weirdness & Mutations

You have razor-sharp teeth.
You have supernaturally acute eyesight. (SInv)
((You can survive without breathing.))
You occasionally shout uncontrollably at your foes.


Message History

You feel sick.
You hit the orc but do no damage.
The orc is heavily wounded.
The orc closely misses you.
You hit the orc but do no damage.
The orc is heavily wounded.
You feel sick.
You barely miss the orc. You bite the orc, but do no damage.
The orc is heavily wounded.
The orc hits you with a falchion of chaos!
* * * LOW HITPOINT WARNING * * *
The orc burns you.
* * * LOW HITPOINT WARNING * * *
You are too injured to fight recklessly!
It was a potion of haste.
You feel yourself speed up.
* * * LOW HITPOINT WARNING * * *
You feel sick.
The orc hits you with a falchion of chaos.
You die... "Huh?
Did I miss anything?"

#. #.... #.. #.###
#.#### #.# #
#....###############.###
#>..))..(.(..........#..
##...###############...#
#....### #.... #......#
#..## ##...#b######
#...# #...#.o....# #.#.#
#####......#######.#.#
##........##....#..
................##.
###$.............###.
..#......##......# ##
#.#.#....##......# #
#.#...... #......# #


You could see an orc.

Vanquished Creatures
  3 adders
  3 worms
  A dart slug (D:2)
  2 leopard geckos
  6 bats
  4 giant cockroaches
  8 hobgoblins
  2 jackals (D:3)
  A quokka (D:2)
  3 ball pythons
  6 frilled lizards
  4 goblins
  7 kobolds
  4 rats
54 creatures vanquished.

Notes
Turn   | Place    | Note
-------+----------+-------------------------------------------
     0 | D:1      | Minion the Vampire Chaos Knight began the quest for the Orb.
     0 | D:1      | Reached XP level 1. HP: 17/17 MP: 1/1
   175 | D:1      | Reached skill level 1 in Stealth
   423 | D:1      | XOM: harmless Hex miscast
   459 | D:1      | Reached XP level 2. HP: 21/23 MP: 2/2
   541 | D:1      | XOM: divination: detect items
   589 | D:1      | XOM: harmless Fire miscast
   793 | D:1      | XOM: harmless Pois miscast
  1139 | D:2      | XOM: 2-stop teleportation journey
  1184 | D:2      | Reached XP level 3. HP: 24/28 MP: 3/3
  1231 | D:2      | XOM: medium Necr miscast
  1387 | D:2      | XOM: smoke on damage
  1562 | D:2      | XOM: harmless Chrm miscast
  1790 | D:2      | XOM: give mutation
  1790 | D:2      | Gained mutation: You occasionally shout uncontrollably at your foes. [Xom's mischief]
  2049 | D:3      | Reached XP level 4. HP: 30/34 MP: 4/4
  2468 | D:3      | Reached skill level 1 in Unarmed Combat
  2580 | D:3      | XOM is BORED!
  2580 | D:3      | XOM: chaos upgrade
  2580 | D:3      | HP: 1/34 [orc/falchion of chaos (2)]
  3039 | D:3      | XOM: summons 2 hostile shadow creatures
  3082 | D:3      | Slain by an orc

Skill      XL: |  1  2  3  4 |
---------------+-------------+-----
Stealth        | 1 2 4 |  4.2
Short Blades   | 4 |  4.3
Unarmed Combat | 1 |  1.4
Fighting       | |  2.6
Armour         | |  0.7
Dodging        | |  2.2

Action                   |  1- 3 |  4- 6 || total
-------------------------+-------+-------++-------
Melee: Short sword       |    96 |       ||    96
       Bite              |    28 |    20 ||    48
       Unarmed           |    66 |   125 ||   191
 Abil: Bat Form          |     1 |       ||     1
  Use: Potion            |     3 |     4 ||     7
       Scroll            |     5 |     1 ||     6
 Stab: Sleeping          |     7 |     1 ||     8
       Distracted        |     1 |       ||     1
       Petrifying        |     1 |       ||     1
Armor: Leather armour    |    20 |       ||    20
Dodge: Dodged            |    82 |    74 ||   156
